 Dungeon Crawl Stone Soup version 0.25-a0-731-g0472a16d6a (webtiles) character file.

Game seed: 16714842367511854940, levelgen mode: deterministic

867 MisterFreud the Changer (level 8, -2/76 HPs)
             Began as an Octopode Transmuter on Apr 8, 2020.
             Was an Initiate of Cheibriados.
             Killed from afar by a steam dragon (10 damage)
             ... with a ball of steam
             ... on level 6 of the Dungeon.
             The game lasted 00:09:30 (6324 turns).

MisterFreud the Changer (Octopode Transmuter)       Turns: 6324, Time: 00:09:31

Health: -2/76      AC: 24    Str: 10    XL:     8   Next: 3%
Magic:  7/12       EV:  2    Int: 18    God:    Cheibriados [......]
Gold:   358        SH:  7    Dex: 14    Spells: 2/13 levels left

rFire    . . .     SeeInvis .     - Unarmed
rCold    . . .     Gourm    .   t - +2 buckler
rNeg     + + +     Faith    .   (helmet currently unavailable)
rPois    +         Spirit   .   (no amulet)
rElec    .         Reflect  .   m - ring of wizardry
rCorr    .         Harm     .   (no ring)
MR       .....     NoTele   +   (no ring)
Stlth    +.........             (no ring)
HPRegen  0.22/turn              (no ring)
MPRegen  0.13/turn              (no ring)
                                (no ring)
                                (no ring)

@: tree-form, very slow
A: almost no armour, stealthy swim, (amphibious), 8 rings, (constrict 8)
a: Bend Time, Renounce Religion


You were on level 6 of the Dungeon.
You worshipped Cheibriados.
Cheibriados was noncommittal.
You were not hungry.
You were a tree.
You visited 2 branches of the dungeon, and saw 7 of its levels.
You also visited: Ossuary.

You collected 358 gold pieces.

Inventory:

Missiles
 a - 66 arrows
 b - 7 boomerangs
 h - 191 stones (quivered)
 i - 62 bolts
 k - 74 sling bullets
 o - 5 javelins
 s - 3 boomerangs of dispersal
 C - 11 poisoned darts
Armour
 t - a +2 buckler (worn)
Jewellery
 m - a ring of wizardry (left branch)
Wands
 u - a wand of iceblast (6)
Scrolls
 d - 2 scrolls of enchant weapon {unknown}
 e - 4 scrolls of remove curse
 g - 2 scrolls of magic mapping {unknown}
 n - a scroll of amnesia {unknown}
 q - 3 scrolls of fog {unknown}
 x - a scroll of noise {unknown}
 y - a scroll of teleportation {unknown}
 z - 2 scrolls of blinking {unknown}
 B - a scroll of fear {unknown}
Potions
 f - 3 potions of mutation
 j - 6 potions of curing {unknown}
 l - a potion of haste
 r - 2 potions of flight
 v - a potion of stabbing
 w - a potion of invisibility
Comestibles
 c - 15 rations


   Skills:
 + Level 2.8 Fighting
 + Level 3.4 Dodging
 - Level 4.4 Shields
 - Level 4.0 Unarmed Combat
 - Level 3.1 Spellcasting
 - Level 5.1 Transmutations


You had 2 spell levels left.
You knew the following spells:

 Your Spells              Type           Power        Failure   Level  Hunger
a - Beastly Appendage     Tmut           ###...       1%          1    None
b - Sticks to Snakes      Tmut           ###.....     1%          2    ##.....
c - Spider Form           Tmut/Pois      ##........   7%          3    ###....
d - Blade Hands           Tmut           ###.......   21%         5    ######.

Your spell library contained the following spells:

 Spells                   Type           Power        Failure   Level  Hunger
 Animate Skeleton         Necr           N/A          6%          1    None
 Pain                     Necr           #...         6%          1    None
 Vampiric Draining        Necr           #.........   19%         3    ###....
 Ice Form                 Ice/Tmut       ##......     22%         4    ####...
 Animate Dead             Necr           N/A          52%         4    ####...
 Agony                    Necr           #.......     85%         5    ######.


Dungeon Overview and Level Annotations

Branches:
Dungeon (6/15)             Temple (1/1) D:5         Ossuary (visited)

Altars:
Ashenzari
Cheibriados
Dithmenos
Elyvilon
Fedhas
Gozag
Hepliaklqana
Kikubaaqudgha
Makhleb
Nemelex Xobeh
Okawaru
Qazlal
Ru
Sif Muna
Trog
Uskayaw
Vehumet
Wu Jian
Xom
Yredelemnul

Annotations:
D:4 2 transporters, milk's ghost, amateur MiFi


Innate Abilities, Weirdness & Mutations

You cannot wear most types of armour.
You are very stealthy in the water. (Stealth+)
((You are amphibious.))
You can wear up to eight rings at the same time.
((You can use your tentacles to constrict eight enemies at once.))
((Your skin changes colour to match your surroundings (Stealth+).))
((Your rubbery body absorbs attacks. (AC +1, EV +1)))


Message History

You are engulfed in a cloud of scalding steam.
The steam dragon closely misses you. The steam dragon claws you.
The steam dragon misses you. The steam dragon claws you.
* * * LOW HITPOINT WARNING * * *
The steam dragon barely misses you. The steam dragon misses you.
The steam dragon bites you.
* * * LOW HITPOINT WARNING * * *
The steam dragon claws you.
* * * LOW HITPOINT WARNING * * *
Really quaff the potion of lignification?
Your tentacles revert to their normal proportions.
Your +2 buckler unmelds from your body.
You turn into a tree.
Your roots penetrate the ground.
The steam dragon bites you but does no damage.
The steam dragon completely misses you.
You barely miss the steam dragon.
The steam dragon is lightly wounded.
The steam dragon breathes steam at you. The ball of steam hits you!
You die...

#####
≈≈≈≈####
§..≈§≈##
#...≈§#
#..⌠.≈#
###..D§?#
####.##♣..#
#.....##.##
##.....#...#
#......<#.##
.....)#...#
#..## #.###
# #.# #.#
#.#


You could see a steam dragon.

Vanquished Creatures
  An ice beast (D:5)
  A centaur (D:3)
  An elf zombie (Ossuary)
  A scorpion (D:5)
  A jelly (D:5)
  A crimson imp (D:5)
  2 hounds
  An orc priest (D:4)
  An orc wizard (D:4)
  4 worker ants
  2 big kobold zombies (Ossuary)
  A hound zombie (D:5)
  A hound skeleton (D:5)
  4 mummies (Ossuary)
  4 adders
  A shadow imp (D:5)
  2 adder zombies (Ossuary)
  3 adder skeletons (D:4)
  A worm (D:2)
  A dart slug (D:3)
  3 leopard geckos
  18 orcs
  8 bats
  7 giant cockroaches
  8 goblins
  5 hobgoblins
  4 jackals
  8 kobolds
  2 quokkas
  4 frilled lizards
  2 goblin zombies (Ossuary)
  2 hobgoblin zombies (Ossuary)
  A jackal zombie (Ossuary)
  An orc zombie (Ossuary)
  11 rats
  A rat zombie (Ossuary)
119 creatures vanquished.

Notes
Turn   | Place    | Note
-------+----------+-------------------------------------------
     0 | D:1      | MisterFreud the Octopode Transmuter began the quest for the
                  | Orb.
     0 | D:1      | Reached XP level 1. HP: 13/13 MP: 3/3
   133 | D:1      | Reached XP level 2. HP: 17/18 MP: 5/5
   137 | D:1      | Learned a level 2 spell: Sticks to Snakes
   285 | D:1      | Reached skill level 3 in Transmutations
   464 | D:1      | Reached XP level 3. HP: 21/23 MP: 6/6
   640 | D:1      | Learned a level 3 spell: Spider Form
  1585 | D:2      | Reached XP level 4. HP: 20/28 MP: 5/8
  2205 | D:3      | Found an ancient bone altar of Kikubaaqudgha.
  2205 | D:3      | Found a blossoming altar of Fedhas.
  2205 | D:3      | Noticed a centaur
  2216 | D:3      | Killed a centaur
  2216 | D:3      | Reached skill level 1 in Shields
  2216 | D:3      | Reached skill level 4 in Transmutations
  2216 | D:3      | Reached XP level 5. HP: 16/33 MP: 5/9
  2607 | D:3      | Found a hazy altar of Hepliaklqana.
  2999 | D:3      | Reached XP level 6. HP: 12/38 MP: 6/10
  3635 | D:4      | Found a transporter.
  3635 | D:4      | Found a transporter.
  3635 | D:4      | Noticed milk's ghost (amateur MiFi)
  3663 | D:4      | Reached skill level 5 in Transmutations
  3701 | D:4      | Found a sacrificial altar of Ru.
  3960 | D:4      | Found a stormy altar of Qazlal.
  3963 | D:4      | Noticed a fire elemental
  3963 | D:4      | Noticed an air elemental
  3963 | D:4      | Noticed a water elemental
  4287 | D:4      | Found a hide-covered altar of Uskayaw.
  4495 | D:4      | Found a shimmering blue altar of Sif Muna.
  4538 | D:4      | Found a white marble altar of Elyvilon.
  4769 | D:4      | Learned a level 5 spell: Blade Hands
  5017 | D:5      | Entered Level 5 of the Dungeon
  5017 | D:5      | Found a sand-covered staircase.
  5019 | D:5      | Noticed an ice beast
  5027 | Ossuary  | Entered an ossuary
  5067 | Ossuary  | Reached XP level 7. HP: 31/43 MP: 2/11
  5671 | D:5      | Reached XP level 8. HP: 32/51 MP: 1/12
  5914 | D:5      | Found a staircase to the Ecumenical Temple.
  5923 | Temple   | Entered the Ecumenical Temple
  5960 | Temple   | Became a worshipper of Cheibriados the Contemplative
  6324 | D:6      | Killed from afar by a steam dragon

Levels and vault maps discovered:
D:1:      dpeg_arrival_arbitrary_b, layout_rooms
D:2:      layout_basic, first_ration
D:3:      minmay_chambers_of_threes, layout_basic,
          grunt_temple_overflow_growth_and_decay, marbit_many_paths,
          minmay_vboxes
D:4:      layout_basic, nicolae_ru_sacrificial_ziggurat,
          nicolae_qazlal_style_of_elements, nicolae_overflow_hidden_temple,
          kennysheep_mini_moat, gammafunk_ghost_arena
D:5:      layout_basic, minmay_temple_entry_ruins, nicolae_ossuary_entry_ruins
D:6:      cheibrodos_steamvent, layout_loops_cross, zin_angel,
          lemuel_oklob_altar, uniq_edmund, uniq_eustachio, uniq_pikel
Temple:   minmay_temple_bridge_abc

Skill      XL: |  1  2  3  4  5  6  7 |
---------------+----------------------+-----
Transmutations | 3 4 5 |  5.1
Shields        | 1 4 |  4.4
Spellcasting   | 3 |  3.1
Fighting       | 2 |  2.8
Dodging        | 3 |  3.4
Unarmed Combat | 4 |  4.0

Action                   |  1- 3 |  4- 6 |  7- 9 || total
-------------------------+-------+-------+-------++-------
Melee: Unarmed           |    78 |   168 |    80 ||   326
       Constrict         |    19 |    29 |    12 ||    60
       Tentacles         |    13 |    16 |     8 ||    37
       Punch             |     1 |     3 |     6 ||    10
       Kick              |     1 |       |       ||     1
 Cast: Beastly Appendage |     1 |       |       ||     1
       Spider Form       |     2 |    10 |     4 ||    16
       Blade Hands       |       |     1 |     5 ||     6
 Abil: End Transformatio |       |     2 |       ||     2
  Use: Scroll            |       |     6 |     3 ||     9
       Potion            |       |     1 |     1 ||     2
 Stab: Sleeping          |     6 |     5 |     2 ||    13
  Eat: Chunk             |     2 |    12 |     4 ||    18
       Ration            |       |       |     1 ||     1
Armor: Skin              |     6 |    11 |     2 ||    19
Dodge: Dodged            |    50 |   119 |    46 ||   215
Block: Buckler           |       |    12 |    12 ||    24

Table legend:
 A = Non-vault XP
 B = Vault XP
 C = Vault XP percentage of total XP
 D = Non-vault monster count
 E = Vault monster count
 F = Vault count percentage of total count
                 A         B        C        D         E       F
            +---------+---------+-------+---------+---------+-------
      Total |     895 |     344 |  27.8 |      86 |      33 |  27.7
            +---------+---------+-------+---------+---------+-------
        D:1 |      37 |       0 |   0.0 |      21 |       0 |   0.0
        D:2 |      61 |       0 |   0.0 |      23 |       0 |   0.0
        D:3 |     124 |     106 |  46.1 |       8 |      17 |  68.0
        D:4 |     238 |       0 |   0.0 |      18 |       0 |   0.0
        D:5 |     435 |       0 |   0.0 |      16 |       0 |   0.0
    Ossuary |       0 |     238 | 100.0 |       0 |      16 | 100.0
            +---------+---------+-------+---------+---------+-------
